AoeStats
← Element

Lombardia

509911715Analyzed
4v4 RM · 3d ago on Sep 28, 2026· 36m 55s· 8 players
Game mode
Random Map
Map size
Large (8 player)
Population
200
Speed
Normal
Resources
Standard
Victory
Conquest
Starting age
Dark Age
Ending age
Imperial Age
RankedLock teamsTeams togetherTeam positionsShared explorationLock speedFull tech treeHidden civsTurbo modeCheats
Victory
Defeat
🇩🇪 Celts · Germany
1512
+12
🇨🇴 Persians · Colombia
1483
+13
🇨🇦 Burmese · Canada
1426
+15
🇩🇪 Georgians · Germany
1289
+22
🇨🇳 Franks · China
1497
-19
🇦🇹 Saracens · Austria
1463
-17
🇦🇷 Magyars · Argentina
1348
-13
🇦🇷 Teutons · Argentina
1347
-13
Pipin
6:40 Loom
8:47 Feudal Age
9:40 Double-Bit Axe
13:11 Fletching
15:14 Horse Collar
20:20 Castle Age
20:24 Crossbowman
21:00 Bodkin Arrow
21:28 Padded Archer Armor
22:20 Ballistics
23:55 Heavy Plow
24:06 Bow Saw
28:16 Wheelbarrow
30:29 Town Watch
30:59 Hand Cart
32:30 Fortified Wall
35:16 Imperial Age
32:35 Pikeman
33:15 Scale Mail Armor
33:26 Forging
33:07 Gold Mining
33:07 Stone Mining
35:10 Scale Barding Armor
35:21 Chain Mail Armor
35:45 Halberdier
37:33 Plate Mail Armor
37:39 Iron Casting
M*rpheu$
5:07 Loom
11:00 Feudal Age
14:45 Bloodlines
20:34 Forging
22:25 Castle Age
20:34 Scale Barding Armor
23:15 Husbandry
22:36 Light Cavalry
24:12 Horse Collar
24:20 Double-Bit Axe
28:26 Chain Barding Armor
30:47 Wheelbarrow
32:15 Iron Casting
31:52 Town Watch
33:28 Gold Mining
33:49 Bow Saw
TheWolf
10:55 Feudal Age
14:52 Castle Age
13:25 Stone Mining
24:28 Husbandry
24:38 Bloodlines
29:56 Scale Barding Armor
29:55 Padded Archer Armor
39:17 Imperial Age
36:35 Loom
MZTK I Kazoo
10:30 Feudal Age
15:00 Castle Age
13:18 Double-Bit Axe
14:21 Horse Collar
16:27 Bow Saw
22:10 Wheelbarrow
24:27 Hand Cart
25:02 Town Watch
25:02 Loom
25:26 Stone Mining
25:27 Gold Mining
28:45 Imperial Age
27:05 Stone Shaft Mining
27:44 Gold Shaft Mining
27:31 Caravan
27:40 Scale Barding Armor
27:47 Forging
28:01 Heavy Plow
28:47 Chain Barding Armor
28:43 Elite War Elephant
30:25 Iron Casting
30:38 Bloodlines
30:29 Husbandry
31:45 Plate Barding Armor
32:04 Conscription
32:53 Crop Rotation
35:35 Blast Furnace
DeadlyEfficiency
10:54 Feudal Age
14:46 Castle Age
13:13 Double-Bit Axe
14:18 Fletching
17:26 Loom
17:34 Crossbowman
19:58 Bodkin Arrow
22:26 Bow Saw
24:01 Ballistics
25:03 Padded Archer Armor
28:38 Thumb Ring
32:17 Wheelbarrow
32:33 Horse Collar
38:57 Imperial Age
Element
7:11 Loom
11:49 Feudal Age
15:39 Castle Age
13:37 Double-Bit Axe
17:15 Horse Collar
17:49 Horse Collar
23:44 Scale Barding Armor
24:23 Heavy Plow
27:15 Town Watch
28:08 Wheelbarrow
29:42 Forging
29:52 Chain Barding Armor
30:08 Hand Cart
33:42 Imperial Age
32:45 Iron Casting
32:26 Bloodlines
33:57 Bow Saw
33:52 Cavalier
35:09 Plate Barding Armor
35:53 Blast Furnace
35:26 Scale Mail Armor
36:10 Conscription
36:33 Hoardings
35:30 Sappers
36:03 Squires
35:48 Arson
36:27 Town Patrol
36:29 Pikeman
36:55 Gambesons
Vinci_PL
8:13 Loom
10:47 Feudal Age
14:11 Double-Bit Axe
16:56 Castle Age
15:10 Horse Collar
18:35 Wheelbarrow
18:13 Bow Saw
21:51 Scale Barding Armor
23:48 Chain Barding Armor
26:23 Husbandry
26:24 Town Watch
27:44 Hand Cart
27:53 Gold Mining
29:42 Bloodlines
30:52 Fletching
34:25 Heavy Plow
38:38 Imperial Age
南良千奈
5:32 Loom
10:42 Feudal Age
14:11 Castle Age
12:18 Double-Bit Axe
15:16 Bow Saw
21:24 Wheelbarrow
20:38 Loom
27:39 Imperial Age
25:18 Gold Mining
25:53 Scale Barding Armor
26:23 Husbandry
26:54 Chain Barding Armor
27:13 Forging
27:40 Hand Cart
27:54 Cavalier
28:35 Cavalier
30:03 Plate Barding Armor
31:48 Iron Casting
32:47 Gold Shaft Mining
32:51 Paladin
36:32 Blast Furnace
Connection lost

Rejoining the realm…

Still unreachable

The connection could not be restored.

Session expired

The server has moved on; the page needs a fresh start.